 Dungeon Crawl Stone Soup version 0.31-a0-4-gefa6de2278 (webtiles) character file.

Game seed: 11718245130274814389

19791 Dordric the Warrior (level 12, 0/153 HPs)
             Began as an Ogre Berserker on May 3, 2023.
             Was a High Priest of Trog.
             Splashed by a brown very ugly thing's acid (3 damage)
             ... on level 2 of the Abyss.
             The game lasted 00:20:37 (10647 turns).

Dordric the Warrior (Ogre Berserker)               Turns: 10647, Time: 00:20:38

Health: 0/153      AC: 10    Str: 24    XL:     12   Next: 72%
Magic:  10/10      EV: 14    Int:  8    God:    Trog [*****.]
Gold:   535        SH:  0    Dex:  8    Spells: 11/11 levels left

rFire   . . .        c - +7 giant club of Caagybba {heavy, *Slow rElec rCorr}
rCold   . . .        (shield currently unavailable)
rNeg    . . .        g - quicksilver dragon scales of Otruri {Will+ Regen+}
rPois   .            (helmet restricted)
rElec   +            (no cloak)
rCorr   +            (gloves unavailable)
SInv    .            (boots unavailable)
Will    ++...        H - amulet of faith Stlth
                     v - +4 ring of protection
HPRegen 0.00/turn    k - +5 ring of evasion
MPRegen 0.12/turn

%: random rage (3%), slow self (1%), faith
@: corroded, sick, unable to drink
A: large, unfitting armour, tough skin 1, [berserk 1], [clumsy 1], [low MP 1],
[weak 1], [inability to drink after injury 1]
a: Renounce Religion, Berserk, Trog's Hand, Brothers in Arms


You were on level 2 of the Abyss.
You worshipped Trog.
Trog was extremely pleased with you.
You visited 1 branch of the dungeon, and saw 11 of its levels.
You visited the Abyss 1 time.

You collected 535 gold pieces.

Inventory:

Hand Weapons
 a - a +0 mace
 c - the +7 giant club of Caagybba (weapon) {heavy, *Slow rElec rCorr}
   (You acquired it on level 6 of the Dungeon)

   rElec:     It insulates you from electricity.
   rCorr:     It protects you from acid and corrosion.
   *Slow:     It may slow you when you take damage.
 w - a +0 flail
 x - a +3 quarterstaff of chaos
Armour
 b - a +0 animal skin
 g - the quicksilver dragon scales of Otruri (worn) {Will+ Regen+}
   (You acquired it on level 6 of the Dungeon)

   Regen:     It increases your rate of health regeneration.
   Will:      It increases your willpower.
Jewellery
 k - a +5 ring of evasion (right hand)
 l - a ring of flight
 q - a ring of magical power
 t - a ring of fire
 v - a +4 ring of protection (left hand)
 C - a ring of willpower
 H - an amulet of faith (around neck)
 P - a +6 ring of dexterity
Wands
 I - a wand of quicksilver (7)
 L - a wand of charming (5)
 O - a wand of iceblast (11)
Scrolls
 d - 3 scrolls of enchant armour
 h - a scroll of poison
 j - a scroll of brand weapon
 m - 2 scrolls of enchant weapon
 n - 2 scrolls of torment
 p - 4 scrolls of immolation
 E - 3 scrolls of vulnerability
 G - a scroll of identify
Potions
 e - a potion of heal wounds
 f - 8 potions of curing (quivered)
 i - 4 potions of flight
 o - 3 potions of brilliance
 r - a potion of cancellation {unknown}
 z - 2 potions of might {unknown}
 A - a potion of mutation {unknown}
 B - 2 potions of degeneration {unknown}
 D - a potion of berserk rage {unknown}
 J - 2 potions of ambrosia {unknown}
 K - a potion of haste {unknown}
 M - 2 potions of attraction {unknown}
Miscellaneous
 N - a box of beasts


   Skills:
 + Level 18.9 Fighting
 + Level 13.7 Maces & Flails
 - Level 2.6 Dodging


You had 11 spell levels left.
You didn't know any spells.
Your spell library was empty.

Dungeon Overview and Level Annotations

Branches:
Dungeon (11/15)            Temple (0/1) D:4            Lair (0/5) D:11
    Orc (0/2) D:9

Altars:
Cheibriados
Makhleb
Uskayaw
Vehumet

Shops:
D:4 [   D:5 ?

Annotations:
D:11 2 transporters, Sonja; Zoteplol's ghost, novice MeCA


Innate Abilities, Weirdness & Mutations

You are too large for most types of armour.
You have tough skin. (AC +1)
[You sometimes lose your temper in combat.]
[You are clumsy. (Dex -2)]
[Your magical capacity is low. (-10% MP)]
[You are weak. (Str -2)]
[You occasionally lose the ability to drink potions when taking damage.]


Message History

The brown very ugly thing punches you!
You are splashed with acid.
You resist. The brown very ugly thing punches you!!
You are splashed with acid.
You resist.
There is an open door, spattered with blood here.
A will-o-the-wisp comes into view.
The will-o-the-wisp gives a chilling moan.
You flatten the will-o-the-wisp like a pancake!!!
You destroy the will-o-the-wisp!
Trog accepts your kill.
The brown very ugly thing punches you but does no damage.
The brown very ugly thing closely misses you.
The brown very ugly thing attacks as you move away!
The brown very ugly thing punches you!
You are splashed with acid.
You resist.
An apocalypse crab comes into view.
The brown very ugly thing attacks as you move away!
The brown very ugly thing punches you. The acid corrodes you!
You are splashed with acid.
You resist.
* * * LOW HITPOINT WARNING * * *
The brown very ugly thing attacks as you move away!
The brown very ugly thing closely misses you.
The brown very ugly thing gurgles horribly!
You hear a bark!
A brown very ugly thing comes into view.
A raiju comes into view.
The brown very ugly thing attacks as you move away!
The brown very ugly thing punches you.
* * * LOW HITPOINT WARNING * * *
You are splashed with acid.
You resist.
* * * LOW HITPOINT WARNING * * *
The brown very ugly thing punches you!
* * * LOW HITPOINT WARNING * * *
You are splashed with acid.
You resist.
* * * LOW HITPOINT WARNING * * *
The brown very ugly thing attacks as you move away!
The brown very ugly thing barely misses you.
You barely miss the brown very ugly thing.
The brown very ugly thing punches you!!
You feel threatened and lose the ability to drink potions!
* * * LOW HITPOINT WARNING * * *
You are splashed with acid.
You resist.
You die...

...
. ..
.#
....
.#.
..
#.
#u##
#@#
###


You could see a brown very ugly thing.

Vanquished Creatures
  A tentacled starspawn (Abyss:2)
  A great orb of eyes (D:10)
  6 two-headed ogres
  A boulder beetle (D:10)
  A wretched star (Abyss:2)
  A sixfirhy (Abyss:2)
  A will-o-the-wisp (Abyss:2)
  An orange demon (Abyss:2)
  An unseen horror (D:10)
  2 kobold demonologists (D:10)
  Psyche (D:8)
  An ancient zyme (Abyss:2)
  A troll (D:11)
  4 raiju (Abyss:2)
  3 wraiths
  2 shadows
  A ynoxinul (Abyss:2)
  A fire bat (Abyss:2)
  4 yaks
  2 wyverns
  10 vampire mosquitoes
  A chaos spawn (Abyss:2)
  3 small abominations (Abyss:2)
  3 water moccasins
  2 large abominations (Abyss:2)
  5 orc warriors
  3 black bears
  5 sky beasts
  6 centaurs
  2 phantoms
  2 kobold brigands
  2 gnoll sergeants
  4 bullfrogs
  7 scorpions
  5 wights (D:10)
  6 killer bees
  An electric eel (D:8)
  3 howler monkeys
  A lava snake (D:10)
  2 gnoll boudas
  5 hounds
  13 orc priests
  3 jellies
  11 starcursed masses (Abyss:2)
  Crazy Yiuf (D:4)
  A sleepcap (D:8)
  2 iguanas
  12 orc wizards
  20 gnolls
  6 adders
  A white imp (D:8)
  5 worms
  34 orcs
  5 ball pythons (D:1)
  3 bats
  9 endoplasms
  3 giant cockroaches (D:1)
  6 goblins
  2 hobgoblins (D:1)
  6 jackals
  21 kobolds
  4 frilled lizards
  8 rats
  A starspawn tentacle (Abyss:2)
291 creatures vanquished.

Vanquished Creatures (collateral kills)
  An ancient zyme (Abyss:2)
  A flying skull (Abyss:2)
  A gnoll bouda (D:10)
3 creatures vanquished.

Vanquished Creatures (others)
  An orc warrior (D:10)
  An orc wizard (D:5)
  An orc (D:10)
  32 fungi (D:11)
  49 plants
  16 starspawn tentacles (Abyss:2)
  5 toadstools (D:1)
105 creatures vanquished.

Grand Total: 399 creatures vanquished

Notes
Turn   | Place    | Note
-------+----------+-------------------------------------------
     0 | D:1      | Dordric the Ogre Berserker began the quest for the Orb.
     0 | D:1      | Reached XP level 1. HP: 24/24 MP: 1/1
    34 | D:1      | Reached XP level 2. HP: 10/33 MP: 2/2
   446 | D:1      | Reached XP level 3. HP: 40/41 MP: 3/3
   583 | D:1      | Reached skill level 5 in Fighting
  1302 | D:2      | Reached XP level 4. HP: 41/50 MP: 4/4
  1375 | D:2      | You fall into a shaft and drop 2 floors!
  1427 | D:4      | Noticed a scorpion
  1433 | D:4      | Killed a scorpion
  1434 | D:4      | Reached XP level 5. HP: 59/59 MP: 5/5
  1482 | D:4      | Found Memigeh's Armour Shop.
  1483 | D:4      | Noticed a centaur
  1490 | D:4      | Killed a centaur
  1491 | D:4      | Reached skill level 6 in Fighting
  1499 | D:4      | Reached XP level 6. HP: 68/68 MP: 6/6
  1620 | D:4      | Noticed a black bear
  1637 | D:4      | Killed a black bear
  1638 | D:4      | Reached skill level 7 in Fighting
  1747 | D:4      | Reached skill level 5 in Maces & Flails
  1884 | D:4      | Found a staircase to the Ecumenical Temple.
  2117 | D:4      | Reached XP level 7. HP: 76/79 MP: 7/7
  2233 | D:4      | Found a radiant altar of Vehumet.
  2607 | D:2      | Reached ** piety under Trog
  3184 | D:3      | Reached skill level 8 in Fighting
  3821 | D:4      | Found a runed translucent door.
  3822 | D:4      | Noticed Crazy Yiuf
  4021 | D:4      | Killed Crazy Yiuf
  4258 | D:5      | Entered Level 5 of the Dungeon
  4775 | D:5      | Found Acentas's Magic Scroll Boutique.
  5016 | D:5      | Reached skill level 9 in Fighting
  5038 | D:5      | Reached XP level 8. HP: 87/92 MP: 8/8
  5222 | D:6      | Identified 2 scrolls of acquirement
  5230 | D:6      | Acquired the +7 giant club of Caagybba {heavy, *Slow rElec
                  | rCorr}
  5233 | D:6      | Acquired the quicksilver dragon scales of Otruri {Will+
                  | Regen+}
  5402 | D:6      | Reached skill level 10 in Fighting
  5409 | D:6      | Identified the +0 sling of the Beast {antimagic, rElec
                  | Str+5}
  6019 | D:7      | Reached *** piety under Trog
  6151 | D:7      | Reached skill level 11 in Fighting
  6173 | D:7      | Found a hide-covered altar of Uskayaw.
  6191 | D:7      | Reached XP level 9. HP: 105/105 MP: 9/9
  6533 | D:8      | Reached skill level 12 in Fighting
  6557 | D:8      | Noticed Psyche
  6572 | D:8      | Killed Psyche
  7180 | D:8      | Reached **** piety under Trog
  7279 | D:9      | Noticed a two-headed ogre
  7287 | D:9      | Killed a two-headed ogre
  7288 | D:9      | Reached skill level 13 in Fighting
  7288 | D:9      | Reached XP level 10. HP: 119/119 MP: 10/10
  7431 | D:9      | Found a snail-covered altar of Cheibriados.
  7667 | D:9      | Reached skill level 10 in Maces & Flails
  7692 | D:9      | Found a staircase to the Orcish Mines.
  7844 | D:9      | Reached skill level 14 in Fighting
  7893 | D:9      | Noticed a two-headed ogre
  7898 | D:9      | Killed a two-headed ogre
  7961 | D:9      | Found a burning altar of Makhleb.
  8254 | D:10     | Entered Level 10 of the Dungeon
  8302 | D:10     | Noticed a two-headed ogre
  8307 | D:10     | Noticed a two-headed ogre
  8308 | D:10     | Killed a two-headed ogre
  8309 | D:10     | Reached skill level 15 in Fighting
  8315 | D:10     | Killed a two-headed ogre
  8316 | D:10     | Reached XP level 11. HP: 133/133 MP: 11/11
  8379 | D:10     | Noticed a two-headed ogre
  8384 | D:10     | Killed a two-headed ogre
  8496 | D:10     | Noticed a great orb of eyes
  8550 | D:10     | Reached skill level 16 in Fighting
  8595 | D:10     | Killed a great orb of eyes
  9279 | D:10     | Reached ***** piety under Trog
  9717 | D:11     | Noticed a two-headed ogre
  9721 | D:11     | Killed a two-headed ogre
  9721 | D:11     | Noticed Sonja
  9722 | D:11     | Reached skill level 17 in Fighting
  9725 | D:11     | Noticed a boulder beetle
  9742 | D:11     | Found a staircase to the Lair.
  9767 | D:11     | Found a transporter.
  9771 | D:11     | Noticed a two-headed ogre
  9773 | D:11     | Noticed a two-headed ogre
  9775 | D:11     | Identified the +9 dire flail of Recklessness {freeze, *Rage
                  | rC+ Dex+2}
  9775 | D:11     | Noticed a two-headed ogre
  9776 | D:11     | Found a transporter.
  9776 | D:11     | Noticed Zoteplol's ghost (novice MeCA)
  9776 | D:11     | Noticed a two-headed ogre
  9836 | D:10     | Reached XP level 12. HP: 126/148 MP: 12/12
  9912 | D:10     | Killed a boulder beetle
  9969 | Abyss:1  | Cast into level 1 of the Abyss (Sonja)
 10007 | Abyss:1  | Noticed a tentacled starspawn
 10016 | Abyss:2  | Found a corrupted altar of Lugonu.
 10134 | Abyss:2  | Noticed a tentacled starspawn
 10150 | Abyss:2  | Noticed a thrashing horror
 10177 | Abyss:2  | Noticed a deep elf elementalist
 10188 | Abyss:2  | Reached skill level 18 in Fighting
 10201 | Abyss:2  | Found a corrupted altar of Lugonu.
 10240 | Abyss:2  | Found a corrupted altar of Lugonu.
 10258 | Abyss:2  | Noticed a starcursed mass
 10295 | Abyss:2  | Paralysed by accursed screaming for 1 turns
 10305 | Abyss:2  | Paralysed by accursed screaming for 1 turns
 10424 | Abyss:2  | Noticed a tentacled starspawn
 10459 | Abyss:2  | Noticed a wretched star
 10465 | Abyss:2  | Found a corrupted altar of Lugonu.
 10501 | Abyss:2  | Killed a wretched star
 10506 | Abyss:2  | Killed a tentacled starspawn
 10610 | Abyss:2  | Found a corrupted altar of Lugonu.
 10615 | Abyss:2  | Noticed a brown very ugly thing
 10616 | Abyss:2  | Noticed a brown very ugly thing
 10617 | Abyss:2  | Found a corrupted altar of Lugonu.
 10617 | Abyss:2  | Found a corrupted altar of Lugonu.
 10638 | Abyss:2  | Noticed a brown very ugly thing
 10647 | Abyss:2  | HP: 3/153 [brown very ugly thing (22)]
 10647 | Abyss:2  | Splashed by a brown very ugly thing's acid

Illustrated notes

Levels and vault maps discovered:
D:1:      ldierk_walled_garden, layout_loops_corners, serial_glass,
          glass_columns_a, glass_columns_a, glass_columns_c, glass_columns_a,
          glass_columns_a, glass_columns_b, minmay_tripent
D:2:      layout_basic, st_stairs_2, minmay_misc_feat_ornament
D:3:      layout_basic, nrook_uturn
D:4:      layout_loops_ring, mainiacjoe_overflow_brackets,
          minmay_temple_entry_overgrown, serial_shops, kennysheep_mini_moat,
          uniq_crazy_yiuf_cottage
D:5:      layout_loops_cross, serial_shops, nicolae_lakefront_shop,
          serial_bayou_lagoon_a, kennysheep_generic_room_7
D:6:      layout_loops_ring
D:7:      minmay_evil_eye, layout_rooms, mainiacjoe_overflow_boulevard,
          serial_bayou, serial_bayou_pond_d, serial_bayou_shore_b,
          serial_bayou_ford_a, serial_bayou_pond_e
D:8:      layout_basic, uniq_psyche
D:9:      layout_basic, mainiacjoe_overflow_tiny_flanked,
          nicolae_overflow_crystal_walls, minmay_orc_entry_temple_small
D:10:     kennysheep_ambush_hall, layout_gridville, roderic_serpentine_path,
          minivault_5, kennysheep_island_fort
D:11:     layout_big_octagon, due_lair_maze_entry_diamond,
          gammafunk_ghost_smash, serial_column_ruins,
          column_ruins_corridor_plus, column_ruins_grid_2, column_ruins_grid_3,
          column_ruins_open_tiny, uniq_sonja
Abyss:2:  base: D:8, guppyfry_abyss_exit_spiral_guarded,
          evilmike_abyss_exit_vortex, evilmike_abyss_exit_12,
          eino_small_chamber_without_monster

Skill      XL: |  1  2  3  4  5  6  7  8  9 10 11 12 |
---------------+-------------------------------------+-----
Maces & Flails | 3 4 5 6 7 9 11 12 13 | 13.7
Fighting       | 5 6 7 9 11 13 15 17 18 | 18.9
Dodging        | |  2.6

Action                     |  1- 3 |  4- 6 |  7- 9 | 10-12 || total
---------------------------+-------+-------+-------+-------++-------
  Melee: Mace              |    84 |    68 |   112 |       ||   264
         Quarterstaff      |       |       |    94 |       ||    94
         Flail             |       |       |     4 |       ||     4
         Punch             |       |       |     2 |       ||     2
         Giant club        |       |       |    93 |   279 ||   372
 Invoke: Berserk           |       |     3 |     3 |    11 ||    17
         Brothers in Arms  |       |       |       |     1 ||     1
  Evoke: Box of beasts     |       |       |       |     1 ||     1
         Wand              |       |       |       |     4 ||     4
    Use: Scroll            |       |       |    17 |     4 ||    21
         Potion            |       |       |       |     6 ||     6
   Stab: Sleeping          |     1 |       |       |       ||     1
         Distracted        |       |       |       |     1 ||     1
 Armour: Animal skin       |    17 |    13 |    38 |       ||    68
         Quicksilver drago |       |       |    56 |   295 ||   351
  Dodge: Dodged            |    49 |    58 |   244 |   456 ||   807

Table legend: (Time is in decaauts)
 A = Elapsed time spent in this place.
 B = Non-inter-level travel time spent in this place.
 C = Inter-level travel time spent in this place.
 D = Time resting spent in this place.
 E = Time spent auto-exploring this place.
 F = Levels seen in this place.
 G = Mean time per level.
                   A        B        C        D        E       F      G
               +--------+--------+--------+--------+--------+-----+--------+
         Total |  11107 |  10612 |    495 |    864 |   7233 |  13 |  854.4 |
       Dungeon |  10376 |   9881 |    495 |    689 |   7189 |  11 |  943.3 |
         Abyss |    731 |    731 |      0 |    175 |     44 |   2 |  365.5 |
               +--------+--------+--------+--------+--------+-----+--------+

Top non-repeatable levels by time:
    D:10: 1636 daAuts
     D:4: 1580 daAuts
     D:9: 1051 daAuts
     D:1: 984 daAuts
     D:2: 967 daAuts
     D:3: 934 daAuts
     D:6: 823 daAuts
     D:8: 781 daAuts
     D:5: 773 daAuts
 Abyss:2: 676 daAuts
     D:7: 603 daAuts
    D:11: 239 daAuts
 Abyss:1: 55 daAuts
